 Dungeon Crawl Stone Soup version 0.30-a0-23-ge60ba3568b (webtiles) character file.

Game seed: 4966349488449679024

683 ytrimaz the Chopper (level 7, -3/51 (55) HPs)
             Began as a Demonspawn Monk on Aug 24, 2022.
             Slain by an orc
             ... wielding a +1 hand axe of electrocution
              (14 damage)
             ... on level 5 of the Dungeon.
             The game lasted 00:03:49 (4066 turns).

ytrimaz the Chopper (Demonspawn Monk)               Turns: 4066, Time: 00:03:50

HP:   -3/51 (55)    AC:  7    Str: 13    XL:     7   Next: 35%
MP:   7/7           EV: 13    Int: 11    God:
Gold: 132           SH:  0    Dex: 16    Spells: 6/6 levels left

rFire   . . .      SeeInvis .    a - +0 hand axe
rCold   + . .      Faith    .    (no shield)
rNeg    + . .      Spirit   .    b - +0 robe
rPois   .          Reflect  +    d - +0 helmet
rElec   .          Harm     .    (no cloak)
rCorr   .          Rampage  .    (no gloves)
Will    .....                    l - +0 pair of boots
Stlth   +.........               g - amulet of reflection
HPRegen 0.17/turn                h - ring of positive energy
MPRegen 0.10/turn                n - ring of protection from cold

@: confused, ambrosia-drunk, drained
A: slimy green scales 2, condensation shield, demonic touch 1
a: no special abilities


You were on level 5 of the Dungeon.
You visited 1 branch of the dungeon, and saw 5 of its levels.

You collected 152 gold pieces.
You spent 20 gold pieces at shops.

Inventory:

Hand Weapons
 a - a +0 hand axe (weapon)
Armour
 b - a +0 robe (worn)
 d - a +0 helmet (worn)
 l - a +0 pair of boots (worn)
Jewellery
 g - an amulet of reflection (around neck)
 h - a ring of positive energy (left hand)
 n - a ring of protection from cold (right hand)
Wands
 m - a wand of iceblast (8)
 o - a wand of flame (12)
 r - a wand of acid (12)
Scrolls
 f - a scroll of amnesia
 i - 2 scrolls of enchant weapon
 j - a scroll of poison
 q - 3 scrolls of teleportation
 s - a scroll of enchant armour
Potions
 e - a potion of attraction
 k - 3 potions of brilliance
 t - 2 potions of lignification


   Skills:
 + Level 4.9 Fighting
 + Level 6.9 Axes
 - Level 2.6 Dodging
 - Level 1.7 Stealth
 - Level 0.9 Shields
 - Level 0.3 Evocations


You had 6 spell levels left.
You didn't know any spells.
Your spell library was empty.

Dungeon Overview and Level Annotations

Branches:
Dungeon (5/15)
 Temple: D:4-7

Altars:
Makhleb
Ru

Shops:
D:2 ?

Annotations:
D:3 2 transporters, IdlyInterested's ghost, amateur DsWn
D:5 Edmund


Innate Abilities, Weirdness & Mutations

You are mostly covered in slimy green scales. (AC +3)
A meltable shield of frost defends you. (SH +0)
Your touch may inflict minor irresistible damage on your foes.


Message History

You hit the orc. The orc closely misses you. Edmund misses you.
You hit Edmund.
Edmund is heavily wounded.
You barely miss the orc. You hit something.
The orc hits you but does no damage. You block Edmund's attack.
Something hits you.
Unknown command.
You hit Edmund.
You touch Edmund!
Edmund is severely wounded.
You hit the orc.
You kill the orc!
You miss something. Something barely misses you.
Edmund hits you but does no damage. You partially resist.
You hit Edmund but do no damage.
Edmund is severely wounded.
You hit something. You hit the orc but do no damage.
You hear some strange, mumbled words.
A puff of flame appears from out of thin air!
The puff of flame hits you!
Your condensation shield dissipates!
The orc hits you with a +1 hand axe of electrocution.
You are electrocuted!
Edmund hits you with a +0 dire flail of draining.
You partially resist.
You feel drained.
You are too injured to fight recklessly!
You barely miss Edmund.
Edmund is severely wounded.
You hit the orc. You closely miss something.
Edmund hits you with a +0 dire flail of draining!
* * * LOW HITPOINT WARNING * * *
You partially resist.
You feel drained. Something hits you.
* * * LOW HITPOINT WARNING * * *
You block the orc's attack.
You are too injured to fight recklessly!
Unknown command.
You are confused.
You feel invigorated. Something hits you but does no damage.
Edmund hits you but does no damage. You partially resist.
The orc hits you but does no damage.
You are electrocuted!
You die...

## .# .# ###.##
#.... ###.# #.#.#
#>.....###.#@#
#...##....o@.+
#...######{#.#
#.#....###.#.##.##
#......'..........
###
#.#....###.####.##
..# #.#....# #.#
..# #.#....# #..
..####...#+## #.##
..'......#+# #.#


You could see Edmund and an orc.

Vanquished Creatures
  Grinder (D:3)
  An ogre (D:4)
  2 phantoms (D:4)
  2 hounds
  Robin (D:3)
  3 gnolls (D:5)
  5 adders
  An ufetubus (D:5)
  3 worms
  2 dart slugs
  5 orcs
  8 endoplasms
  2 giant cockroaches (D:3)
  18 goblins
  5 hobgoblins
  6 jackals
  4 quokkas
  8 ball pythons
  8 bats
  5 frilled lizards
  4 rats
94 creatures vanquished.

Vanquished Creatures (others)
  An endoplasm (D:2)
1 creature vanquished.

Grand Total: 95 creatures vanquished

Notes
Turn   | Place    | Note
-------+----------+-------------------------------------------
     0 | D:1      | ytrimaz the Demonspawn Monk began the quest for the Orb.
     0 | D:1      | Reached XP level 1. HP: 18/18 MP: 1/1
   300 | D:1      | Reached skill level 3 in Axes
   300 | D:1      | Gained mutation: You are partially covered in slimy green
                  | scales. (AC +2) [demonic ancestry]
   300 | D:1      | Reached XP level 2. HP: 1/24 MP: 2/2
   695 | D:1      | Found a faded altar of an unknown god.
  1432 | D:2      | Gained mutation: Your touch may inflict minor irresistible
                  | damage on your foes. [demonic ancestry]
  1432 | D:2      | Reached XP level 3. HP: 29/29 MP: 3/3
  1912 | D:2      | Found Fasaom's Magic Scroll Boutique.
  1920 | D:2      | Bought a scroll of identify for 20 gold pieces
  2078 | D:3      | Found a transporter.
  2078 | D:3      | Noticed a necrophage
  2110 | D:3      | Found a sacrificial altar of Ru.
  2128 | D:3      | Reached skill level 4 in Axes
  2128 | D:3      | Gained mutation: You are mostly covered in slimy green
                  | scales. (AC +3) [demonic ancestry]
  2128 | D:3      | Reached XP level 4. HP: 33/37 MP: 4/4
  2184 | D:3      | Noticed Robin
  2217 | D:3      | Killed Robin
  2544 | D:3      | Noticed Grinder
  2546 | D:3      | Paralysed by Grinder for 3 turns
  2594 | D:3      | Killed Grinder
  2595 | D:3      | Reached skill level 5 in Axes
  2595 | D:3      | Reached XP level 5. HP: 19/43 MP: 5/5
  2595 | D:3      | Reached XP level 6. HP: 21/49 MP: 6/6
  2814 | D:3      | Noticed IdlyInterested's ghost (amateur DsWn)
  2823 | D:3      | Found a transporter.
  3303 | D:4      | Reached skill level 6 in Axes
  3362 | D:4      | Gained mutation: A meltable shield of frost defends you.
                  | (SH +0) [demonic ancestry]
  3362 | D:4      | Reached XP level 7. HP: 55/55 MP: 7/7
  3567 | D:4      | Found a burning altar of Makhleb.
  3567 | D:4      | Noticed a balrug
  3573 | D:4      | Noticed an orange demon
  3573 | D:4      | Noticed a smoke demon
  3886 | D:5      | Entered Level 5 of the Dungeon
  4054 | D:5      | Noticed Edmund
  4066 | D:5      | Slain by an orc

Illustrated notes

Levels and vault maps discovered:
D:1:      erik_arrival_blinker_ship, layout_rooms,
          dreamdust_ecumenical_altar_angels_and_demons
D:2:      layout_basic, serial_shops, shop, lemuel_flame_loot_1
D:3:      layout_basic, nicolae_overflow_crystal_walls, gammafunk_ghost_arena,
          uniq_grinder, uniq_robin
D:4:      layout_loops_ring, makhleb_altar_promises_db, tso_oasis_becter
D:5:      layout_basic, cheibriados_altar_1, grunt_ministairs_1, uniq_eustachio,
          uniq_edmund, uniq_sigmund

Skill      XL: |  1  2  3  4  5  6 |
---------------+-------------------+-----
Axes           | 3 4 5 6 |  6.9
Fighting       | 4 |  4.9
Dodging        | |  2.6
Stealth        | |  1.7
Shields        | |  0.9
Evocations     | |  0.3

Action                   |  1- 3 |  4- 6 |  7- 9 || total
-------------------------+-------+-------+-------++-------
Melee: Hand axe          |   118 |    81 |    54 ||   253
       Punch             |     1 |     1 |     1 ||     3
       Touch             |     7 |    15 |    15 ||    37
Evoke: Wand              |       |     3 |       ||     3
  Use: Scroll            |     8 |     4 |     3 ||    15
       Potion            |       |     6 |     1 ||     7
 Stab: Sleeping          |     5 |     3 |     4 ||    12
       Distracted        |     1 |       |       ||     1
Armor: Robe              |    44 |    25 |    10 ||    79
Dodge: Dodged            |    75 |    50 |    28 ||   153
Block: Other             |    26 |    17 |    20 ||    63
       Reflection        |       |     1 |       ||     1

Table legend: (Time is in decaauts)
 A = Elapsed time spent in this place.
 B = Non-inter-level travel time spent in this place.
 C = Inter-level travel time spent in this place.
 D = Time resting spent in this place.
 E = Time spent auto-exploring this place.
 F = Levels seen in this place.
 G = Mean time per level.
                   A        B        C        D        E       F      G
               +--------+--------+--------+--------+--------+-----+--------+
         Total |   4063 |   3966 |     97 |    267 |   2987 |   5 |  812.6 |
       Dungeon |   4063 |   3966 |     97 |    267 |   2987 |   5 |  812.6 |
               +--------+--------+--------+--------+--------+-----+--------+

Top non-repeatable levels by time:
     D:1: 1100 daAuts
     D:3: 1053 daAuts
     D:2: 945 daAuts
     D:4: 784 daAuts
     D:5: 178 daAuts
